 Dungeon Crawl Stone Soup version 0.29.1-15-g9cfb28693d (webtiles) character file.

Game seed: 3185509929579192584

1039 ThatPearl the Trooper (level 8, -3/97 HPs)
             Began as a Demonspawn Berserker on Mar 11, 2023.
             Was an Elder of Trog.
             Splashed by a jelly's acid (4 damage)
             ... on level 6 of the Dungeon.
             The game lasted 00:07:21 (5457 turns).

ThatPearl the Trooper (Demonspawn Berserker)        Turns: 5457, Time: 00:07:22

Health: -3/97      AC:  3    Str: 19    XL:     8   Next: 4%
Magic:  8/8        EV: 11    Int:  8    God:    Trog [****..]
Gold:   321        SH:  4    Dex: 14    Spells: 7/7 levels left

rFire   . . .      SeeInvis .   o - +0 war axe
rCold   . . .      Faith    +   (no shield)
rNeg    . . .      Spirit   .   g - +0 ring mail
rPois   .          Reflect  .   (no helmet)
rElec   .          Harm     .   e - +0 cloak
rCorr   .          Rampage  .   (no gloves)
Will    .....                   (no boots)
Stlth   ..........              h - amulet of faith
HPRegen 0.26/turn               (no ring)
MPRegen 0.11/turn               (no ring)

@: berserking (expiring), corroded, very quick
A: condensation shield, weakness stinger 2
a: Renounce Religion, Berserk, Trog's Hand, Brothers in Arms


You were on level 6 of the Dungeon.
You worshipped Trog.
Trog was greatly pleased with you.
You visited 1 branch of the dungeon, and saw 6 of its levels.

You collected 321 gold pieces.

Inventory:

Hand Weapons
 o - a +0 war axe (weapon)
Missiles
 n - 8 silver javelins (quivered)
 x - 5 curare-tipped darts
Armour
 e - a +0 cloak (worn)
 g - a +0 ring mail (worn)
Jewellery
 h - an amulet of faith (around neck)
 m - an amulet of guardian spirit
Wands
 u - a wand of charming (3)
 y - a wand of flame (15)
Scrolls
 b - 2 scrolls of immolation {unknown}
 c - 5 scrolls of identify {unknown}
 d - 2 scrolls of teleportation {unknown}
 f - a scroll of torment {unknown}
 i - a scroll of noise {unknown}
 l - 2 scrolls of blinking {unknown}
 q - a scroll of enchant weapon {unknown}
 r - a scroll of summoning {unknown}
 v - a scroll of enchant armour {unknown}
 w - 2 scrolls of amnesia {unknown}
Potions
 a - a potion of magic {unknown}
 j - 2 potions of heal wounds {unknown}
 k - a potion of might {unknown}
 p - a potion of flight {unknown}
 s - 2 potions of lignification {unknown}
 t - a potion of brilliance {unknown}
 z - 2 potions of invisibility {unknown}
 A - a potion of berserk rage {unknown}


   Skills:
 + Level 6.8 Fighting
 + Level 6.1 Axes
 + Level 3.7 Armour
 - Level 1.7 Dodging


You had 7 spell levels left.
You didn't know any spells.
Your spell library was empty.

Dungeon Overview and Level Annotations

Branches:
Dungeon (6/15)
 Temple: D:4-7

Altars:
Hepliaklqana
Kikubaaqudgha
Okawaru

Shops:
D:6 :


Innate Abilities, Weirdness & Mutations

A meltable shield of frost defends you. (SH +4)
You have a tail ending in a sharp stinger.


Message History

You slash something!
Your tail-slap misses something.
Something hits you but does no damage.
You miss something.
Your tail-slap misses something.
Something hits you but does no damage.
You barely miss something.
Your tail-slap misses something.
Something hits you.
* * * LOW HITPOINT WARNING * * *
Something shocks you.
* * * LOW HITPOINT WARNING * * *
You miss something. Something hits you but does no damage.
You closely miss something. You miss something. Your punch misses something.
Something hits you.
* * * LOW HITPOINT WARNING * * *
Something shocks you.
* * * LOW HITPOINT WARNING * * *
You barely miss something.
Your tail-slap misses something.
Something hits you but does no damage.
The orc wizard gestures at you while chanting.
You are too berserk!
You slash something! You tail-slap something. Trog accepts your kill.
Reactivating autopickup.
You feel a bit more experienced.
A hound comes into view.
A kobold brigand comes into view.
It is wielding a +0 whip and quivering curare-tipped darts.
You have reached level 8!
You feel agile.
Your demonic ancestry asserts itself...
Your tail grows a sharp stinger.
The hound barks!
You slash the orc wizard!
You kill the orc wizard!
Trog accepts your kill.
You can now call in reinforcements.
Trog appreciates your killing of a magic user.
The orc throws a boomerang.
The boomerang hits you.
* * * LOW HITPOINT WARNING * * *
Items here: )) [[ †††.
You slash the orc!
You kill the orc!
Trog accepts your kill.
You hit the jelly. The acid corrodes you!
Your hands burn!
You die...

... ... #.# .. #.# #
#.## #.###### #. ..#
#....... #.##.# #.#####.
#....## ####.# ##.
...#####K..###....# ##..
......J@)..h...######..#
.#..#####)..#### #..##
###...######.##
###........###
#.....#.<...
#...........
#...........
##...........
..............


You could see a kobold brigand, a hound and a jelly.

Vanquished Creatures
  Prince Ribbit (D:6)
  A sky beast (D:6)
  An ogre (D:4)
  A necrophage (D:5)
  4 scorpions (D:4)
  A howler monkey (D:6)
  An orc priest (D:5)
  A jelly (D:4)
  2 iguanas (D:5)
  An orc wizard (D:6)
  3 gnolls (D:3)
  4 adders
  An ufetubus (D:4)
  5 worms
  6 dart slugs
  15 orcs
  2 bats (D:1)
  6 endoplasms
  5 giant cockroaches
  4 hobgoblins
  6 jackals
  3 quokkas
  5 ball pythons
  4 frilled lizards
  8 goblins
  7 kobolds
  4 rats
102 creatures vanquished.

Vanquished Creatures (others)
  A plant (D:5)
1 creature vanquished.

Grand Total: 103 creatures vanquished

Notes
Turn   | Place    | Note
-------+----------+-------------------------------------------
     0 | D:1      | ThatPearl the Demonspawn Berserker began the quest for the
                  | Orb.
     0 | D:1      | Reached XP level 1. HP: 18/18 MP: 1/1
   300 | D:1      | Discovered your monstrous ancestry.
   300 | D:1      | Gained mutation: You have a small tail. [demonic ancestry]
   300 | D:1      | Reached XP level 2. HP: 12/24 MP: 2/2
  1481 | D:2      | Found a faded altar of an unknown god.
  1495 | D:2      | Reached XP level 3. HP: 30/30 MP: 3/3
  1508 | D:2      | Reached ** piety under Trog
  2343 | D:2      | Reached XP level 4. HP: 32/37 MP: 4/4
  3406 | D:3      | Found an iron altar of Okawaru.
  3468 | D:4      | Reached *** piety under Trog
  3468 | D:4      | Noticed a scorpion
  3469 | D:4      | Gained mutation: A meltable shield of frost defends you.
                  | (SH +4) [demonic ancestry]
  3469 | D:4      | Reached XP level 5. HP: 39/43 MP: 5/5
  3484 | D:4      | Reached skill level 5 in Fighting
  3678 | D:4      | Reached XP level 6. HP: 51/51 MP: 6/6
  3886 | D:4      | Found a hazy altar of Hepliaklqana.
  3908 | D:4      | Found an ancient bone altar of Kikubaaqudgha.
  3939 | D:4      | Reached skill level 5 in Axes
  4169 | D:4      | Reached XP level 7. HP: 36/57 MP: 7/7
  4443 | D:5      | Entered Level 5 of the Dungeon
  5251 | D:6      | Noticed Prince Ribbit
  5258 | D:6      | Killed Prince Ribbit
  5367 | D:6      | Found Xupp's Book Boutique.
  5451 | D:6      | HP: 2/88 [something (5)]
  5454 | D:6      | Gained mutation: You have a tail ending in a sharp stinger.
                  | [demonic ancestry]
  5454 | D:6      | Reached XP level 8. HP: 2/65 MP: 8/8
  5454 | D:6      | Reached **** piety under Trog
  5457 | D:6      | Splashed by a jelly's acid

Illustrated notes

Levels and vault maps discovered:
D:1:      dpeg_arrival_round_c, layout_basic
D:2:      layout_loops_cross, ebering_ecumenical_altar_abandoned
D:3:      layout_basic, okawaru_trees_1
D:4:      layout_loops_ring, worldfamousw_hep_ancestral_shrine,
          lemuel_round_altar, lemuel_tele_altar, kennysheep_generic_room_10
D:5:      layout_rooms, serial_bayou_pond_a, minivault_26
D:6:      layout_rooms, minmay_temple_entry_junction, serial_shops,
          nicolae_shop_waterfront, uniq_grinder, uniq_prince_ribbit1

Skill      XL: |  1  2  3  4  5  6  7 |
---------------+----------------------+-----
Axes           | 3 4 5 6 |  6.1
Fighting       | 4 5 6 |  6.8
Armour         | 2 3 |  3.7
Dodging        | |  1.7

Action                   |  1- 3 |  4- 6 |  7- 9 || total
-------------------------+-------+-------+-------++-------
Melee: Hand axe          |   130 |    17 |       ||   147
       Punch             |     3 |     1 |       ||     4
       Tailslap          |     7 |    19 |    10 ||    36
       War axe           |       |   116 |    76 ||   192
Throw: Throwing net      |       |     1 |       ||     1
Invok: Berserk           |     1 |     2 |     2 ||     5
Armor: Animal skin       |     8 |       |       ||     8
       Ring mail         |    22 |    53 |    17 ||    92
Dodge: Dodged            |    75 |    65 |    33 ||   173
Block: Other             |       |    16 |    13 ||    29
